 Dungeon Crawl Stone Soup version 0.23.0-3-gf3c87f2 (webtiles) character file.

Game seed: 10911042605145585348

25805 dengdeng the Protected (level 12, -21/113 HPs)
             Began as a Minotaur Berserker on Feb 24, 2019.
             Was a High Priest of Trog.
             Demolished by a red ugly thing (23 damage)
             ... on level 14 of the Dungeon.
             The game lasted 00:53:57 (13445 turns).

dengdeng the Protected (Minotaur Berserker)        Turns: 13445, Time: 00:53:58

Health: -21/113    AC: 21    Str: 23      XL:     12   Next: 92%
Magic:  11/11      EV: 14    Int:  3 (4)  God:    Trog [*****.]
Gold:   844        SH:  0    Dex: 12      Spells: 11/11 levels left

rFire    . . .     SeeInvis .   C - +3 bardiche (holy)
rCold    . . .     Gourm    +   (shield currently unavailable)
rNeg     . . .     Faith    .   N - +0 plate armour
rPois    .         Spirit   .   (helmet restricted)
rElec    .         Reflect  .   Q - +0 cloak (curse)
rCorr    .         Harm     .   (no gloves)
MR       .....                  a - +0 pair of boots
Stlth    ..........             P - amulet of the gourmand
HPRegen  0.28/turn              m - +4 ring of evasion
MPRegen  0.12/turn              W - +2 ring of protection

@: berserk cooldown, slowed, very slow
A: retaliatory headbutt, horns 2, deterioration 1, weak 1, sturdy frame 1
a: Berserk, Trog's Hand, Brothers in Arms, Renounce Religion


You were on level 14 of the Dungeon.
You worshipped Trog.
Trog was extremely pleased with you.
You were very full.

You visited 1 branch of the dungeon, and saw 14 of its levels.
You also visited: Sewer and Ossuary.

You collected 969 gold pieces.
You spent 125 gold pieces at shops.

Inventory:

Hand Weapons
 z - the +8 quarterstaff of the Maze {freeze, rN+ Str+3}
   (You found it on level 4 of the Dungeon)

   It has been specially enchanted to freeze those struck by it, causing extra
   injury to most foes and up to half again as much damage against particularly
   susceptible opponents.
   It can also slow down cold-blooded creatures.
   It affects your strength (+3).
   It protects you from negative energy.
 C - a +3 bardiche of holy wrath (weapon)
 X - a +5 great sword
 Y - a +6 glaive of flaming
Missiles
 e - 10 javelins
 j - 4 tomahawks
 w - 303 stones
 U - 5 poisoned javelins (quivered)
 V - 6 silver tomahawks
Armour
 a - a +0 pair of boots (worn)
 E - the +5 buckler "Fareip" {rF+++ rN+ Str+6 Dex-3}
   (You found it on level 8 of the Dungeon)

   It affects your strength (+6).
   It affects your dexterity (-3).
   It renders you almost immune to fire.
   It protects you from negative energy.
 N - a +0 plate armour (worn)
 Q - a cursed +0 cloak (worn)
Jewellery
 f - an uncursed ring of stealth
 i - an uncursed ring of ice {unknown}
 m - a +4 ring of evasion (left hand)
 t - an uncursed ring of poison resistance
 J - a cursed -2 ring of dexterity {unknown}
 P - an amulet of the gourmand (around neck)
 W - a +2 ring of protection (right hand)
 Z - a +5 ring of protection
Wands
 D - a wand of flame (28)
Scrolls
 b - 10 scrolls of amnesia {unknown}
 d - 7 scrolls of teleportation {unknown}
 h - 4 scrolls of random uselessness {unknown}
 k - 17 scrolls of identify
 l - 3 scrolls of enchant armour
 o - 5 scrolls of enchant weapon {unknown}
 p - 3 scrolls of immolation {unknown}
 r - 10 scrolls of remove curse
 s - a scroll of fear {unknown}
 y - 7 scrolls of magic mapping {unknown}
 H - a scroll of blinking {unknown}
 L - 4 scrolls of fog {unknown}
 M - 5 scrolls of noise {unknown}
 T - a scroll of brand weapon {unknown}
Potions
 g - 2 potions of resistance {unknown}
 n - 2 potions of lignification {unknown}
 q - 2 potions of agility {unknown}
 u - 4 potions of heal wounds {unknown}
 v - 7 potions of curing
 A - 2 potions of brilliance {unknown}
 B - a potion of invisibility {unknown}
 F - 2 potions of ambrosia {unknown}
 G - 3 potions of might {unknown}
 I - 3 potions of berserk rage {unknown}
 K - 3 potions of cancellation {unknown}
 O - a potion of degeneration {unknown}
 S - a potion of flight {unknown}
Miscellaneous
 x - a fan of gales
Comestibles
 c - 29 rations


   Skills:
 + Level 12.9 Fighting
   Level 0.3 Short Blades
   Level 4.6(8.4) Axes
   Level 4.4(9.9) Maces & Flails
 + Level 10.0(12.9) Polearms
 - Level 12.6(14.1) Staves
 + Level 2.8 Throwing
 + Level 13.9 Armour
 + Level 4.4 Dodging
 + Level 0.7 Stealth


You had 11 spell levels left.
You didn't know any spells.
Your spell library was empty.

Dungeon Overview and Level Annotations

Branches:
Dungeon (14/15)            Temple (0/1) D:7            Lair (0/6) D:9
    Orc (0/2) D:12         Vaults (0/5) D:13

Altars:
Dithmenos
Elyvilon
Fedhas
Hepliaklqana
Kikubaaqudgha
Makhleb
Qazlal
Ru
Sif Muna
Xom
Yredelemnul
Zin

Shops:
D:4 ?   D:5 =   D:11 *


Innate Abilities, Weirdness & Mutations

You reflexively headbutt those who attack you in melee.
You have a pair of horns on your head.
Your body sometimes deteriorates upon taking damage.
You are weak. (Str -2)
Your movements are slightly less encumbered by armour. (ER -2)


Message History

You feel yourself slow down. Something hits you.
* * * LOW HITPOINT WARNING * * *
Something hits you but does no damage.
The green ugly thing completely misses you.
The rain has left you waist-deep in water!
Splash!
You fall into the shallow water.
Moving in this stuff is going to be slow.
Your unstable footing causes you to fumble your attack.
Something hits you but does no damage. x2; Something hits you.
* * * LOW HITPOINT WARNING * * *
The green ugly thing headbutts you.
* * * LOW HITPOINT WARNING * * *
Something hits you but does no damage. The red ugly thing closely misses you.
The brown ugly thing tentacle-slaps you but does no damage.
The green ugly thing headbutts you but does no damage.
The red ugly thing gores you.
* * * LOW HITPOINT WARNING * * *
You are engulfed in flames!!
You die...

#.#.u# # #. #.#u.#.#
#.#.# #.#u.#.###
#.#.# #.#...... #
#.#.#.#.#..#.###
###.#.#.#.#.#=......
..(.#.... #......#
........###u.....#
........†u{@..##.#
## #####..†)uu...#..
#...####)#######.#.#
#........# .#.#
###.###..# .#.# #..#
#.# #..#####.# #.#
#........# #<#
###########.#####.
#.#


You could see 4 ugly things.

Vanquished Creatures
  Snorg (D:12)
  A yaktaur captain (D:13)
  3 two-headed ogres
  A centaur warrior (D:14)
  A tengu warrior (D:13)
  4 skeletal warriors (D:11)
  2 ugly things
  A cyclops (D:13)
  A wolf spider zombie (D:12)
  A manticore (D:13)
  A gargoyle (D:13)
  A komodo dragon (D:13)
  A kobold demonologist (D:13)
  2 efreet
  2 yaktaurs (D:13)
  A hornet (shapeshifter) (D:14)
  A hornet (D:11)
  4 trolls
  Grinder (D:5)
  3 hippogriffs
  3 slime creatures (D:14)
  Prince Ribbit (D:6)
  A hippogriff (shapeshifter) (D:14)
  2 meliai zombies (D:12)
  A water elemental (D:11)
  Sigmund (D:6)
  A wraith (Ossuary)
  3 yaks (D:12)
  4 hogs (D:11)
  A human (D:11)
  8 vampire mosquitoes
  A hungry ghost (D:13)
  3 steam dragons
  An acid dragon (D:11)
  2 eyes of draining (D:12)
  A phantom (D:3)
  11 orc warriors
  A black bear (D:9)
  3 necrophages
  An ice beast (D:5)
  8 ogres
  4 sky beasts
  12 centaurs
  3 big kobolds
  7 bullfrogs
  A gnoll sergeant (D:6)
  5 scorpions
  A water moccasin skeleton (D:7)
  15 killer bees
  11 wights
  A bullfrog zombie (D:7)
  7 electric eels
  4 crimson imps
  A quasit (D:9)
  A centaur zombie (D:12)
  6 hounds
  3 centaur skeletons
  2 jellies
  A gnoll shaman (D:3)
  6 orc priests
  13 orc wizards
  5 bullfrog skeletons
  3 iguanas
  11 worker ants
  2 hound skeletons
  A mummy (Ossuary)
  A howler monkey zombie (D:11)
  17 gnolls
  18 adders
  2 river rats (Sewer)
  5 shadow imps
  4 oozes
  5 adder skeletons
  2 worms
  2 dart slugs
  7 leopard geckos
  47 orcs
  7 ball pythons
  7 bats
  11 giant cockroaches
  8 goblins
  6 hobgoblins
  10 jackals
  10 kobolds
  9 quokkas
  4 frilled lizards
  6 gnoll skeletons (Ossuary)
  A jackal zombie (D:5)
  12 kobold skeletons (Ossuary)
  7 orc skeletons (Ossuary)
  14 rats
439 creatures vanquished.

Vanquished Creatures (others)
  2 worker ants (D:4)
  An adder (D:4)
  An orc (D:4)
  A frilled lizard (D:4)
  A fungus (D:5)
6 creatures vanquished.

Grand Total: 445 creatures vanquished

Notes
Turn   | Place    | Note
-------+----------+-------------------------------------------
     0 | D:1      | dengdeng the Minotaur Berserker began the quest for the
                  | Orb.
     0 | D:1      | Reached XP level 1. HP: 19/19 MP: 0/0
   178 | D:1      | Reached XP level 2. HP: 22/27 MP: 1/1
   911 | D:2      | Reached skill level 3 in Armour
   979 | D:2      | Reached XP level 3. HP: 34/34 MP: 2/2
   997 | D:2      | Found a shadowy altar of Dithmenos.
  1312 | D:2      | Reached ** piety under Trog
  1547 | D:3      | Found a faded altar of an unknown god.
  1588 | D:3      | Reached XP level 4. HP: 38/41 MP: 3/3
  1623 | D:3      | Reached skill level 5 in Fighting
  1862 | D:3      | Found a basalt altar of Yredelemnul.
  1862 | D:3      | Found a hazy altar of Hepliaklqana.
  2074 | D:4      | Reached skill level 1 in Maces & Flails
  2100 | D:4      | Noticed a phantom
  2117 | D:4      | Reached XP level 5. HP: 29/48 MP: 4/4
  2352 | D:3      | Killed a phantom
  2352 | D:3      | Reached skill level 4 in Armour
  2352 | D:3      | Reached XP level 6. HP: 32/57 MP: 5/5
  2532 | D:4      | Found an ancient bone altar of Kikubaaqudgha.
  2535 | D:4      | Found a blossoming altar of Fedhas.
  2605 | D:4      | Found Isuesax's Magic Scroll Shop.
  2628 | D:4      | Reached skill level 1 in Throwing
  2683 | D:4      | Reached XP level 7. HP: 63/63 MP: 6/6
  2748 | D:4      | Reached *** piety under Trog
  2760 | D:4      | Found a shimmering altar of Xom.
  2784 | D:4      | Bought a scroll of remove curse for 30 gold pieces
  2784 | D:4      | Bought a scroll of identify for 20 gold pieces
  2784 | D:4      | Bought a scroll of enchant armour for 75 gold pieces
  2950 | D:4      | Got an ichor-stained quarterstaff
  2951 | D:4      | Identified the +8 quarterstaff of the Maze {freeze, rN+
                  | Str+3} (You found it on level 4 of the Dungeon)
  3049 | D:5      | Entered Level 5 of the Dungeon
  3098 | D:5      | Found a glowing drain.
  3104 | D:5      | Reached skill level 5 in Armour
  3118 | Sewer    | Entered a sewer
  3247 | Sewer    | Reached skill level 1 in Staves
  3516 | D:5      | Noticed Grinder
  3522 | D:5      | Killed Grinder
  3742 | D:5      | Found Cividghia's Jewellery Shop.
  3835 | D:5      | Noticed a steam dragon
  3836 | D:5      | Noticed a steam dragon
  3840 | D:5      | Killed a steam dragon
  3840 | D:5      | Reached skill level 6 in Armour
  3840 | D:5      | Reached XP level 8. HP: 68/71 MP: 7/7
  4101 | D:5      | Reached **** piety under Trog
  4223 | D:6      | Reached skill level 5 in Staves
  4235 | D:6      | Noticed Sigmund
  4241 | D:6      | Killed Sigmund
  4312 | D:6      | Found a stormy altar of Qazlal.
  4329 | D:6      | Reached skill level 7 in Armour
  4421 | D:6      | Reached ***** piety under Trog
  4464 | D:6      | Noticed Prince Ribbit
  4470 | D:6      | Killed Prince Ribbit
  4470 | D:6      | Reached XP level 9. HP: 75/79 MP: 8/8
  4560 | D:6      | Reached skill level 8 in Armour
  4693 | D:6      | Found a deep blue altar of Sif Muna.
  5135 | D:7      | Found a staircase to the Ecumenical Temple.
  5253 | D:7      | Found a sand-covered staircase.
  5262 | Ossuary  | Entered an ossuary
  5276 | Ossuary  | Received a gift from Trog
  5849 | D:8      | Received a gift from Trog
  5896 | D:8      | Got an encrusted buckler
  5897 | D:8      | Identified the +5 buckler "Fareip" {rF+++ rN+ Str+6 Dex-3}
                  | (You found it on level 8 of the Dungeon)
  6122 | D:8      | Reached skill level 9 in Armour
  6458 | D:8      | Noticed a two-headed ogre
  6466 | D:8      | Killed a two-headed ogre
  6466 | D:8      | Reached skill level 10 in Staves
  6466 | D:8      | Reached XP level 10. HP: 78/91 MP: 9/9
  6848 | D:9      | Found a staircase to the Lair.
  6975 | D:9      | Found a burning altar of Makhleb.
  6978 | D:9      | Noticed a cacodemon
  6980 | D:9      | Found a glowing silver altar of Zin.
  6980 | D:9      | Noticed an angel
  7016 | D:9      | Found a white marble altar of Elyvilon.
  7246 | D:10     | Entered Level 10 of the Dungeon
  7466 | D:10     | Reached skill level 10 in Fighting
  7965 | D:10     | Reached skill level 10 in Armour
  8166 | D:11     | Received a gift from Trog
  8179 | D:11     | Paralysed by a hornet for 3 turns
  8186 | D:11     | Gained mutation: You are weak. (Str -2) [potion of
                  | mutation]
  8186 | D:11     | Gained mutation: Your body sometimes deteriorates upon
                  | taking damage. [potion of mutation]
  8186 | D:11     | Gained mutation: Your movements are slightly less
                  | encumbered by armour. (ER -2) [potion of mutation]
  8648 | D:11     | Reached skill level 11 in Armour
  8769 | D:11     | Reached XP level 11. HP: 92/101 MP: 10/10
  9218 | D:11     | Found Naofim's General Store.
  9467 | D:11     | Noticed a skeletal warrior
  9468 | D:11     | Noticed a skeletal warrior
  9480 | D:11     | Killed a skeletal warrior
  9488 | D:11     | Killed a skeletal warrior
  9691 | D:11     | Noticed a skeletal warrior
  9692 | D:11     | Noticed a skeletal warrior
  9706 | D:11     | Killed a skeletal warrior
  9706 | D:11     | Received a gift from Trog
  9719 | D:11     | Killed a skeletal warrior
  9719 | D:11     | Reached skill level 12 in Armour
 10209 | D:12     | Received a gift from Trog
 10315 | D:12     | Reached skill level 1 in Polearms
 10325 | D:12     | Noticed a cyan ugly thing
 10336 | D:12     | Killed a cyan ugly thing
 10609 | D:12     | Noticed Snorg
 10618 | D:12     | Killed Snorg
 10801 | D:12     | Noticed a two-headed ogre
 10807 | D:12     | Killed a two-headed ogre
 10807 | D:12     | Reached skill level 13 in Armour
 10870 | D:12     | Reached XP level 12. HP: 112/112 MP: 11/11
 10986 | D:12     | Reached skill level 5 in Polearms
 11017 | D:12     | Received a gift from Trog
 11058 | D:12     | Found a staircase to the Orcish Mines.
 11572 | D:13     | Found a sacrificial altar of Ru.
 11835 | D:13     | Noticed a yaktaur captain
 11838 | D:13     | Found a gate to the Vaults.
 11844 | D:13     | Killed a yaktaur captain
 12220 | D:13     | Noticed a tengu warrior
 12234 | D:13     | Killed a tengu warrior
 12739 | D:14     | Noticed a centaur warrior
 12754 | D:14     | Killed a centaur warrior
 12886 | D:14     | Noticed a two-headed ogre
 12889 | D:14     | Killed a two-headed ogre
 13418 | D:14     | Received a gift from Trog
 13442 | D:14     | Reached skill level 10 in Polearms
 13445 | D:14     | HP: 4/113 [green ugly thing (5)]
 13445 | D:14     | Demolished by a red ugly thing

Skill      XL: |  1  2  3  4  5  6  7  8  9 10 11 12 |
---------------+-------------------------------------+-----
Fighting       | 4 5 6 7 9 10 11 12 | 12.9
Armour         | 3 4 6 7 9 11 13 | 13.9
Axes           | 4 |  4.6
Maces & Flails | 1 2 4 |  4.4
Throwing       | 1 2 |  2.8
Staves         | 4 7 10 11 12 | 12.6
Dodging        | 3 4 |  4.4
Polearms       | 4 10 | 10.0
Short Blades   | |  0.3
Stealth        | |  0.7

Action                   |  1- 3 |  4- 6 |  7- 9 | 10-12 || total
-------------------------+-------+-------+-------+-------++-------
Melee: Hand axe          |    53 |       |       |       ||    53
       Headbutt          |    12 |    20 |    32 |   104 ||   168
       Mace              |    19 |   116 |       |       ||   135
       Quarterstaff      |       |       |   241 |   235 ||   476
       Short sword       |       |       |     4 |       ||     4
       Glaive            |       |       |       |   134 ||   134
       Bardiche          |       |       |       |   127 ||   127
Throw: Javelin           |       |    18 |     6 |    20 ||    44
       Tomahawk          |       |       |       |     7 ||     7
Invok: Berserk           |       |     1 |     2 |     8 ||    11
       Trog's Hand       |       |       |       |     1 ||     1
  Use: Scroll            |       |       |     1 |     3 ||     4
       Potion            |       |       |       |     2 ||     2
  Eat: Chunk             |     2 |     5 |    14 |    50 ||    71
Armor: Animal skin       |    14 |       |       |       ||    14
       Chain mail        |     6 |    53 |    51 |       ||   110
       Plate armour      |       |       |    59 |   402 ||   461
Dodge: Dodged            |    53 |    93 |   170 |   410 ||   726
